 Dungeon Crawl Stone Soup version 0.28.0-62-gf88900778d (webtiles) character file.

Game seed: 14134353615911840151

406 cbfl8 the Covert (level 7, -2/46 HPs)
             Began as a Kobold Brigand on June 24, 2023.
             Slain by a phantom (6 damage)
             ... on level 3 of the Dungeon.
             The game lasted 00:05:54 (4727 turns).

cbfl8 the Covert (Kobold Brigand)                   Turns: 4727, Time: 00:05:55

Health: -2/46      AC:  4    Str: 10    XL:     7   Next: 12%
Magic:  7/7        EV: 17    Int: 12    God:
Gold:   186        SH:  0    Dex: 17    Spells: 6/6 levels left

rFire   . . .      SeeInvis .   q - +2 dagger (elec)
rCold   . . .      Faith    .   (no shield)
rNeg    . . .      Spirit   .   o - +0 leather armour
rPois   .          Reflect  .   (no helmet)
rElec   .          Harm     .   c - +0 cloak
rCorr   .          Rampage  .   (no gloves)
Will    .....                   (no boots)
Stlth   ++++++....              (no amulet)
HPRegen 0.15/turn               n - ring of wizardry
MPRegen 0.10/turn               (no ring)

@: no status effects
A: small, no large weapons, nightstalker 3
a: no special abilities


You were on level 3 of the Dungeon.
You visited 1 branch of the dungeon, and saw 4 of its levels.

You collected 186 gold pieces.

Inventory:

Hand Weapons
 l - a +2 dagger of flaming
 p - a +2 dagger of freezing
 q - a +2 dagger of electrocution (weapon)
Missiles
 d - 8 poisoned darts
 e - 2 curare-tipped darts
 g - 2 datura-tipped darts
Armour
 c - a +0 cloak (worn)
 o - a +0 leather armour (worn)
Jewellery
 n - a ring of wizardry (left hand)
Wands
 a - a wand of iceblast (6) (quivered)
Scrolls
 f - a scroll of identify {unknown}
 k - a scroll of amnesia {unknown}
Potions
 b - a potion of attraction {unknown}
 m - a potion of haste {unknown}
 r - a potion of ambrosia {unknown}


   Skills:
 * Level 6.2 Fighting
 * Level 7.5 Short Blades
 - Level 2.1 Throwing
 * Level 4.3 Armour
 * Level 6.6 Dodging
 * Level 10.8 Stealth
 * Level 6.3 Evocations


You had 6 spell levels left.
You didn't know any spells.
Your spell library contained the following spells:

 Spells                   Type           Power      Damage    Failure   Level
 Corpse Rot               Necr/Air       0%         N/A       26%         2
 Dazzling Flash           Conj/Hex       0%         N/A       45%         3
 Gell's Gravitas          Tloc           0%         N/A       45%         3
 Lesser Beckoning         Tloc           0%         N/A       45%         3
 Teleport Other           Tloc           0%         N/A       45%         3
 Dispel Undead            Necr           0%         3d6       83%         4
 Agony                    Necr           0%         N/A       99%         5
 Silence                  Hex/Air        0%         N/A       99%         5
 Death Channel            Necr           0%         N/A       100%        6


Dungeon Overview and Level Annotations

Branches:
Dungeon (4/15)
 Temple: D:4-7

Altars:

Annotations:
D:3 2 runed translucent doors, cbfl8's ghost, amateur MiBe
D:4 Dowan; Duvessa


Innate Abilities, Weirdness & Mutations

You are small and have problems with some larger weapons.
You are completely attuned to the shadows.


Message History

The phantom blinks!
You blink.
Aiming: Iceblast
Press: ? - help, Q - select action, (/) - cycle Shift-Dir - straight line
Okay, then.
You see here a +0 dagger.
There is a stone staircase leading up, spattered with blood here.
The orc shouts!
The phantom barely misses you.
You climb upwards.
Level annotation: 2 runed translucent doors, cbfl8's ghost, amateur MiBe
There is a stone staircase leading down here.
Okay, then.
Aiming: Iceblast
Press: ? - help, Q - select action, (/) - cycle Shift-Dir - straight line
Okay, then.
You feel better. The phantom hits you.
* * * LOW HITPOINT WARNING * * *
The phantom blinks!
You blink.
You feel better. The phantom hits you!
* * * LOW HITPOINT WARNING * * *
It was a potion of experience.
You feel more experienced!
Your Fighting skill gained 4 levels and is now at level 6!
Your Short Blades skill gained 4 levels and is now at level 7!
Your Armour skill gained 3 levels and is now at level 4!
Your Dodging skill gained 4 levels and is now at level 6!
Your Stealth skill gained 3 levels and is now at level 10!
Your Evocations skill gained 5 levels and is now at level 6!
You have reached level 7!
The phantom hits you.
* * * LOW HITPOINT WARNING * * *
You closely miss the phantom.
The phantom is severely damaged.
The phantom closely misses you.
You barely miss the phantom.
The phantom is severely damaged.
You hit the phantom.
The phantom is almost destroyed.
The phantom hits you.
You die...

##########.# #.....# ####.##
## #.#####...####....#
.#########...####.####....##
.<....)>......##...##......#
###########....##.##.......#
#..).............#
#...........)....#
##...W...........#
#....@..........#
##.............#####
#######.....#.....##...#
###......>.########......#
####...#############
####...# ###....### #..(...#
##...# ....####
######..(...# ##....# ..###
#...........# #.....# ###
####.####......####.#####


You could see a phantom.

Vanquished Creatures
  A bullfrog skeleton (D:4)
  An iguana (D:3)
  Ijyb (D:4)
  6 adders
  An adder skeleton (D:4)
  2 dart slugs
  A worm (D:4)
  7 orcs
  6 endoplasms
  A giant cockroach (D:1)
  4 hobgoblins
  4 jackals
  5 kobolds
  4 quokkas
  5 ball pythons
  6 bats
  2 frilled lizards
  4 goblins
  3 rats
64 creatures vanquished.

Notes
Turn   | Place    | Note
-------+----------+-------------------------------------------
     0 | D:1      | cbfl8 the Kobold Brigand began the quest for the Orb.
     0 | D:1      | Reached XP level 1. HP: 12/12 MP: 1/1
   400 | D:1      | Reached XP level 2. HP: 17/17 MP: 2/2
   785 | D:1      | Reached skill level 6 in Stealth
   865 | D:1      | Reached XP level 3. HP: 20/22 MP: 3/3
  1348 | D:2      | Reached XP level 4. HP: 3/27 MP: 4/4
  1349 | D:2      | HP: 1/27 [poisoned by an adder]
  1944 | D:2      | Found a faded altar of an unknown god.
  2783 | D:3      | Found a runed translucent door.
  2786 | D:3      | Noticed a bullfrog
  2786 | D:3      | Noticed cbfl8's ghost (amateur MiBe)
  3025 | D:3      | Reached skill level 1 in Armour
  3025 | D:3      | Reached skill level 7 in Stealth
  3025 | D:3      | Reached skill level 1 in Evocations
  3025 | D:3      | Reached XP level 5. HP: 31/31 MP: 5/5
  3722 | D:3      | Found a runed translucent door.
  3919 | D:4      | Noticed Duvessa
  3919 | D:4      | Noticed Dowan
  4180 | D:4      | Noticed Ijyb
  4196 | D:4      | Killed Ijyb
  4408 | D:4      | Noticed a phantom
  4440 | D:4      | Reached XP level 6. HP: 35/36 MP: 6/6
  4724 | D:3      | Reached skill level 10 in Stealth
  4724 | D:3      | Reached XP level 7. HP: 8/46 MP: 7/7
  4727 | D:3      | Slain by a phantom

Illustrated notes

Levels and vault maps discovered:
D:1:      grunt_arrival_crossed_arrows, layout_loops_ring, minmay_tiny_reverse_x
D:2:      layout_basic, shapermc_ecumenical_altar_totnotflames,
          chequers_serial_rivers_small_3, minmay_misc_feat_alley
D:3:      layout_rooms, ebering_ghost_sewer_f, minmay_misc_feat_secret_circle,
          chequers_avenue, nicolae_figureground_sparkle
D:4:      layout_loops_ring, uniq_ijyb, uniq_duvessa

Skill      XL: |  1  2  3  4  5  6 |
---------------+-------------------+-----
Stealth        | 6 7 10 | 10.8
Short Blades   | 3 7 |  7.5
Armour         | 1 4 |  4.3
Dodging        | 2 6 |  6.6
Evocations     | 1 6 |  6.3
Fighting       | 6 |  6.2
Throwing       | |  2.1

Action                   |  1- 3 |  4- 6 |  7- 9 || total
-------------------------+-------+-------+-------++-------
Melee: Dagger            |    79 |   129 |     3 ||   211
       Punch             |     1 |     2 |       ||     3
Evoke: Wand              |       |     1 |       ||     1
  Use: Scroll            |       |     6 |       ||     6
       Potion            |       |     4 |       ||     4
 Stab: Sleeping          |     9 |    19 |       ||    28
       Distracted        |       |     1 |       ||     1
Armor: Robe              |    13 |    12 |       ||    25
       Leather armour    |       |     5 |       ||     5
Dodge: Dodged            |    45 |    76 |     1 ||   122
